 Dungeon Crawl Stone Soup version 0.31-a0-263-ge8cad7f256 (webtiles) character file.

Game seed: 3825332267069413829

44 qw the Shooter (level 3, 0/29 HPs)
             Began as a Minotaur Hexslinger on July 13, 2023.
             Slain by a goblin
             ... wielding a +0 dagger
             ... led by Robin
              (3 damage)
             ... on level 2 of the Dungeon.
             The game lasted 00:00:19 (676 turns).

qw the Shooter (Minotaur Hexslinger)                 Turns: 676, Time: 00:00:20

Health: 0/29       AC:  3    Str: 12    XL:     3   Next: 41%
Magic:  3/3        EV: 12    Int: 10    God:
Gold:   46         SH:  0    Dex: 14    Spells: 3/4 levels left

rFire   . . .        Y - +1 sling
rCold   . . .        (no shield)
rNeg    . . .        c - +0 robe
rPois   .            (helmet restricted)
rElec   .            d - +0 cloak
rCorr   +            (no gloves)
SInv    .            (no boots)
Will    .....        (no amulet)
Stlth   +            j - ring of resist corrosion
HPRegen 0.24/turn    (no ring)
MPRegen 0.08/turn

%: no passive effects
@: no status effects
A: horns 2, retaliatory headbutt
a: no special abilities


You were on level 2 of the Dungeon.
You visited 1 branch of the dungeon, and saw 2 of its levels.

You collected 46 gold pieces.


Innate Abilities, Weirdness & Mutations

You have a pair of horns on your head.
You reflexively headbutt those who attack you in melee.


   Skills:
 - Level 2.0 Fighting
 + Level 4.0 Ranged Weapons
 - Level 2.1 Dodging
 - Level 1.0 Spellcasting
 - Level 2.0 Hexes


You had 3 spell levels left.
You knew the following spells:

 Your Spells              Type           Power      Damage    Failure   Level
a - Slow                  Hex            16%        N/A       16%         1

Your spell library contained the following spells:

 Spells                   Type           Power      Damage    Failure   Level
 Inner Flame              Hex/Fire       2%         N/A       56%         3
 Portal Projectile        Hex/Tloc       4%         N/A       56%         3
 Cause Fear               Hex            2%         N/A       83%         4

Inventory:

Hand Weapons
 Y - a +1 sling (weapon)
Armour
 c - a +0 robe (worn)
 d - a +0 cloak (worn)
Jewellery
 j - a ring of resist corrosion (left hand)
Potions
 e - a potion of lignification {unknown}
 g - a potion of curing {unknown}
 i - a potion of heal wounds {unknown}

Dungeon Overview and Level Annotations

Branches:
Dungeon (2/15)

Altars:

Shops:
D:1 *

Annotations:
D:2 Robin


Message History

Your Ranged Weapons skill increases to level 4!
You shoot a sling bullet. The sling bullet hits the goblin.
The goblin is moderately wounded.
The goblin misses you. The goblin hits you with a +0 dagger.
You shoot a sling bullet. The sling bullet hits the goblin.
You kill the goblin!
The goblin closely misses you. Robin barely misses you.
The goblin hits you with a +0 dagger. The goblin hits you but does no damage.
You shoot a sling bullet. The sling bullet closely misses Robin.
The sling bullet hits the goblin!
You kill the goblin!
The hobgoblin closely misses you. Robin hits you with a +0 club.
The goblin hits you but does no damage.
You shoot a sling bullet. The sling bullet hits Robin.
Robin is lightly wounded.
The goblin hits you with a +0 dagger. Robin completely misses you.
The hobgoblin closely misses you. The goblin barely misses you.
The goblin hits you with a +0 club.
You shoot a sling bullet. The sling bullet barely misses Robin.
The goblin barely misses you. The hobgoblin hits you. The goblin misses you.
Robin closely misses you. You furiously retaliate!
You headbutt Robin! The goblin hits you with a +0 club. x2
You shoot a sling bullet. The sling bullet barely misses Robin.
The goblin no longer looks unusually strong.
The goblin hits you but does no damage. Robin barely misses you.
The goblin hits you but does no damage. The hobgoblin barely misses you.
You furiously retaliate!
You headbutt the hobgoblin, but do no damage.
The goblin hits you with a +0 club. The goblin closely misses you.
You shoot a sling bullet.
The sling bullet hits Robin but does no damage.
Robin is severely wounded.
The goblin hits you with a +0 dagger. Robin throws the goblin at you!
The goblin closely misses you.
The hobgoblin hits you but does no damage.
The goblin misses you. You furiously retaliate!
You headbutt the goblin!
You kill the goblin!
The goblin barely misses you. You furiously retaliate!
You headbutt the goblin. The goblin hits you with a +0 dagger.
You die...

##+##.#### .....
+.......## #....
##........
#...+########........ ##
#...................
#..##...................
#.$....#######.####+##
##...ggg##....#.#
#.....@)......#.#
#.....gg)##....#.#
###......##....#.#
....)....+.......#
...).....###.###.#
.)...?...# #.# #.#
.........# #.# #.#
.........# ### #.# #..


You could see Robin, a hobgoblin (strong) and 3 goblins.

Vanquished Creatures
  2 dart slugs
  2 ball pythons
  4 bats
  4 endoplasms
  3 giant cockroaches (D:1)
  11 goblins
  4 hobgoblins
  A quokka (D:1)
  A frilled lizard (D:1)
  2 kobolds (D:1)
  3 rats
37 creatures vanquished.

Notes
Turn   | Place    | Note
-------+----------+-------------------------------------------
     0 | D:1      | qw the Minotaur Hexslinger began the quest for the Orb.
     0 | D:1      | Reached XP level 1. HP: 16/16 MP: 1/1
     0 | D:1      | 0 ||| qw: Version: 0.3-a-52-g30416fa
     0 | D:1      | 0 ||| qw: Game counter: 7067
     0 | D:1      | 0 ||| qw: Melee chars always use a shield: true
     0 | D:1      | 0 ||| qw: God list: Okawaru
     0 | D:1      | 0 ||| qw: Allow faded altars: false
     0 | D:1      | 0 ||| qw: Do Orc after clearing Dungeon:15 true
     0 | D:1      | 0 ||| qw: Do second Lair branch before Depths: true
     0 | D:1      | 0 ||| qw: Lair rune preference: random
     0 | D:1      | 0 ||| qw: Goals: Normal
     0 | D:1      | 0 ||| PLANNING D:1-11
    47 | D:1      | Reached skill level 3 in Ranged Weapons
    48 | D:1      | Reached XP level 2. HP: 16/23 MP: 2/2
   191 | D:1      | Found Voyfugg's General Store.
   207 | D:1      | 207 ||| SHOPLISTING +0 ring mail (52 gold, have 34).
   207 | D:1      | 207 ||| SHOPLISTING potion of haste (130 gold, have 34).
   207 | D:1      | 207 ||| SHOPLISTING scroll of enchant armour (97 gold, have
                  | 34).
   436 | D:1      | Reached XP level 3. HP: 26/29 MP: 3/3
   508 | D:1      | 508 ||| UPGRADING to +0 cloak.
   513 | D:1      | 513 ||| UPGRADING to ring of resist corrosion.
   514 | D:1      | 514 ||| READING scroll labelled ILLIOCA ELAGG.
   565 | D:1      | 565 ||| READING 2 scrolls labelled RUUNKE DOTATU.
   566 | D:1      | 566 ||| DROPPING scroll of poison.
   567 | D:1      | 567 ||| DROPPING scroll of fear.
   662 | D:2      | Noticed Robin
   670 | D:2      | Reached skill level 4 in Ranged Weapons
   674 | D:2      | HP: 6/29 [goblin/+0 club (2)]
   676 | D:2      | Slain by a goblin

Levels and vault maps discovered:
D:1:      roderic_crossed_star, layout_rooms, serial_shops, shop
D:2:      layout_basic, basic_altar, shapermc_ecumenical_altar_ellora,
          hangedman_decor_clover_reticule, kennysheep_doodads,
          grunt_decor_fettered, minmay_pentomino_pile, uniq_robin

Skill      XL: |  1  2  3 |
---------------+----------+-----
Ranged Weapons | 3 4 |  4.0
Fighting       | 2 |  2.0
Dodging        | |  2.1
Spellcasting   | |  1.0
Hexes          | |  2.0

Action                     || total
---------------------------++-------
   Fire: Sling             ||    86
    Use: Scroll            ||     2
 Armour: Robe              ||    15
  Dodge: Dodged            ||    48

Table legend:
 A = Non-vault XP
 B = Vault XP
 C = Vault XP percentage of total XP
 D = Non-vault monster count
 E = Vault monster count
 F = Vault count percentage of total count
                 A         B        C        D         E       F
            +---------+---------+-------+---------+---------+-------
      Total |      53 |      12 |  18.5 |      29 |       8 |  21.6
            +---------+---------+-------+---------+---------+-------
        D:1 |      42 |       0 |   0.0 |      23 |       0 |   0.0
        D:2 |      11 |      12 |  52.2 |       6 |       8 |  57.1
            +---------+---------+-------+---------+---------+-------
